 Dungeon Crawl Stone Soup version 0.30-a0-46-g5a63ccc183 (webtiles) character file.

Game seed: 2499657630415325441

42 MrFrogsmire the Ruffian (level 3, -3/35 (36) HPs)
             Began as a Troll Berserker on Sept 2, 2022.
             Was a Believer of Trog.
             Slain by a wight
             ... wielding a +4 morningstar
              (10 damage)
             ... on level 4 of the Dungeon.
             The game lasted 00:04:10 (579 turns).

MrFrogsmire the Ruffian (Troll Berserker)            Turns: 579, Time: 00:04:11

HP:   -3/35 (36)    AC:  4    Str: 25    XL:     3   Next: 35%
MP:   2/2           EV: 10    Int:  3    God:    Trog [**....]
Gold: 55            SH:  0    Dex: 11    Spells: 2/2 levels left

rFire   . . .      SeeInvis .    g - +0 rapier (speed)
rCold   . . .      Faith    .    (no shield)
rNeg    . . .      Spirit   .    a - +0 animal skin
rPois   .          Reflect  .    (helmet restricted)
rElec   .          Harm     .    (no cloak)
rCorr   .          Rampage  .    (gloves unavailable)
Will    .....                    (boots unavailable)
Stlth   +.........               (no amulet)
HPRegen 0.91/turn                (no ring)
MPRegen 0.08/turn                (no ring)

@: lightly drained
A: large, unfitting armour, claws 3, regeneration 1, shaggy fur 1, tough skin 1
a: Renounce Religion, Berserk, Trog's Hand


You were on level 4 of the Dungeon.
You worshipped Trog.
Trog was pleased with you.
You visited 1 branch of the dungeon, and saw 4 of its levels.

You collected 55 gold pieces.

Inventory:

Hand Weapons
 g - a +0 rapier of speed (weapon)
Missiles
 c - 3 poisoned darts (quivered)
Armour
 a - a +0 animal skin (worn)
Scrolls
 d - a scroll of enchant armour {unknown}
 e - a scroll of magic mapping {unknown}
 h - a scroll of teleportation {unknown}
Potions
 b - a potion of curing {unknown}
 f - a potion of lignification {unknown}


   Skills:
 + Level 2.9 Fighting
 + Level 0.1 Short Blades
 + Level 0.1 Polearms
 + Level 2.7 Dodging
 + Level 3.5 Unarmed Combat


You had 2 spell levels left.
You didn't know any spells.
Your spell library contained the following spells:

 Spells                   Type           Power      Damage    Failure   Level
 Gell's Gravitas          Tloc           0%         N/A       88%         3
 Lesser Beckoning         Tloc           0%         N/A       88%         3
 Teleport Other           Tloc           0%         N/A       88%         3


Dungeon Overview and Level Annotations

Branches:
Dungeon (4/15)
 Temple: D:4-7

Altars:


Innate Abilities, Weirdness & Mutations

You are too large for most types of armour.
You have claws for hands.
Your natural rate of healing is unusually fast.
You are covered in fur. (AC +1)
You have tough skin. (AC +1)


Message History

The quokka is heavily wounded.
The adder misses you. The quokka barely misses you.
You closely miss the quokka.
The quokka is heavily wounded.
The adder barely misses you. The quokka barely misses you.
You hit the quokka.
You kill the quokka!
Trog accepts your kill. The adder bites you.
* * * LOW HITPOINT WARNING * * *
You closely miss the adder.
The adder is moderately wounded.
The adder bites you but does no damage.
You closely miss the adder. You claw the adder.
The adder is almost dead.
The adder misses you.
You hit the adder but do no damage.
The adder is almost dead.
The adder bites you but does no damage.
You hit the adder.
You kill the adder!
Trog accepts your kill.
You are too injured to fight recklessly!
You are too injured to fight recklessly!
You see here a quokka corpse.
Found an escape hatch in the ceiling.
The wight attacks as you move away! The wight barely misses you.
You see here a poisoned dart.
Found 4 stones.
The wight attacks as you move away!
The wight hits you with a +4 morningstar!
* * * LOW HITPOINT WARNING * * *
You feel drained.
* * * LOW HITPOINT WARNING * * *
You are too injured to fight recklessly!
You are too injured to fight recklessly!
You hit the wight.
The wight is lightly damaged.
The wight hits you with a +4 morningstar!
You die...

#######.#
..<.....#
#######.#
#.# #(# #z#
#.#
...#.#####.#
#(....@zz.#
###########


You could see 2 wights.

Vanquished Creatures
  An adder (D:4)
  A worm (D:2)
  3 dart slugs
  An endoplasm (D:2)
  A giant cockroach (D:1)
  2 hobgoblins (D:1)
  4 kobolds
  4 quokkas
  A ball python (D:1)
  A bat (D:1)
  2 frilled lizards (D:1)
  3 goblins
24 creatures vanquished.

Notes
Turn   | Place    | Note
-------+----------+-------------------------------------------
     0 | D:1      | MrFrogsmire the Troll Berserker began the quest for the
                  | Orb.
     0 | D:1      | Reached XP level 1. HP: 22/22 MP: 0/0
   113 | D:1      | Reached XP level 2. HP: 28/29 MP: 1/1
   365 | D:2      | Reached XP level 3. HP: 36/36 MP: 2/2
   422 | D:3      | Reached ** piety under Trog
   528 | D:4      | Noticed a wight
   528 | D:4      | Noticed a wight
   579 | D:4      | Slain by a wight

Illustrated notes

Levels and vault maps discovered:
D:1:      dpeg_arrival_court, layout_loops_ring
D:2:      layout_basic, minmay_misc_feat_secret_circle
D:3:      layout_basic, serial_bayou_pond_e, uniq_ijyb
D:4:      layout_loops_ring, minmay_small_thing

Action                   || total
-------------------------++-------
Melee: Unarmed           ||    34
       Trident           ||     7
       Rapier            ||    26
       Punch             ||     1
Throw: Dart              ||     1
Armor: Animal skin       ||    33
Dodge: Dodged            ||    48

Table legend: (Time is in decaauts)
 A = Elapsed time spent in this place.
 B = Non-inter-level travel time spent in this place.
 C = Inter-level travel time spent in this place.
 D = Time resting spent in this place.
 E = Time spent auto-exploring this place.
 F = Levels seen in this place.
 G = Mean time per level.
                   A        B        C        D        E       F      G
               +--------+--------+--------+--------+--------+-----+--------+
         Total |    572 |    186 |    386 |      0 |      0 |   4 |  143.0 |
       Dungeon |    572 |    186 |    386 |      0 |      0 |   4 |  143.0 |
               +--------+--------+--------+--------+--------+-----+--------+

Top non-repeatable levels by time:
     D:1: 242 daAuts
     D:3: 149 daAuts
     D:2: 133 daAuts
     D:4: 47 daAuts
